 Dungeon Sprint DCSS version 0.28-a0-883-gc8d7bad45d (webtiles) character file.

Game seed: 10628831889273080504

217 mhtbhm the Thrower (level 5, -1/47 HPs)
             Began as a Minotaur Hunter on Nov 22, 2021.
             Was an Initiate of Gozag.
             Slain by an orc warrior (9 damage)
             ... in the Dungeon (Sprint IX: "|||||||||||||||||||||||||||||").
             The game lasted 00:00:55 (240 turns).

mhtbhm the Thrower (Minotaur Hunter)                 Turns: 240, Time: 00:00:56

Health: -1/47      AC: 12    Str: 18    XL:     5   Next: 62%
Magic:  4/4        EV:  8    Int:  8    God:    Gozag
Gold:   0          SH:  0    Dex: 13    Spells: 4/4 levels left

rFire   . . .      SeeInvis .   a - +2 scimitar (flame)
rCold   . . .      Faith    .   (no shield)
rNeg    . . .      Spirit   .   b - +0 plate armour
rPois   .          Reflect  .   (helmet restricted)
rElec   .          Harm     .   m - +0 cloak
rCorr   .          Rampage  .   (no gloves)
Will    .....      NoTele   +   (no boots)
Stlth   ..........              (no amulet)
HPRegen 0.15/turn               n - +2 ring of evasion
MPRegen 0.09/turn               o - +3 ring of dexterity

@: gold aura
A: horns 2, retaliatory headbutt
a: Renounce Religion, Potion Petition, Call Merchant, Bribe Branch


You were in the Dungeon.
You worshipped Gozag.
Gozag was noncommittal.
You visited 1 branch

Inventory:

Hand Weapons
 a - a +2 scimitar of flaming (weapon)
Missiles
 c - 4 javelins (quivered)
 d - 2 throwing nets
Armour
 b - a +0 plate armour (worn)
 m - a +0 cloak (worn)
Jewellery
 n - a +2 ring of evasion (left hand)
 o - a +3 ring of dexterity (right hand)
Wands
 l - a wand of acid (9)
Scrolls
 j - 2 scrolls of blinking
 k - 2 scrolls of amnesia
Potions
 e - 5 potions of curing
 f - a potion of heal wounds
 g - a potion of haste
 h - 4 potions of magic
 i - a potion of invisibility


   Skills:
 + Level 4.7 Fighting
 + Level 1.7 Short Blades
 + Level 10.7 Throwing
 + Level 3.9 Armour
 + Level 3.9 Dodging
 - Level 0.8 Stealth
 + Level 0.1 Evocations


You had 4 spell levels left.
You didn't know any spells.
Your spell library was empty.

Dungeon Overview and Level Annotations

Branches:
Dungeon (1/1)

Altars:
Cheibriados
Dithmenos
Elyvilon
Fedhas
Gozag
Hepliaklqana
Kikubaaqudgha
Makhleb
Nemelex Xobeh
Okawaru
Qazlal
Ru
Sif Muna
Trog
Uskayaw
Vehumet
Wu Jian
Xom
Yredelemnul
Zin
The Shining One
Beogh
Jiyva
Lugonu


Innate Abilities, Weirdness & Mutations

You have a pair of horns on your head.
You reflexively headbutt those who attack you in melee.


Message History

The bolt of acid hits the orc warrior!
The acid corrodes the orc warrior!
You kill the orc warrior!
The bolt of acid misses the troll.
The bolt of acid hits the killer bee!
The acid corrodes the killer bee!
The killer bee is severely wounded.
The bolt of acid hits the troll!
The acid corrodes the troll!
The troll is heavily wounded.
The orc warrior hits you with a +0 battleaxe!!
* * * LOW HITPOINT WARNING * * *
The troll is distracted by your dazzling golden aura.
Your Throwing skill increases to level 10!
Your Armour skill increases to level 3!
You have reached level 5!
You feel much better. The orc warrior closely misses you.
You furiously retaliate!
You headbutt the orc warrior!
Your plate armour prevents you from hitting the orc warrior.
The troll shouts!
Your headbutt misses the orc warrior.
The orc warrior is almost dead.
The troll is no longer distracted by gold.
The orc warrior hits you with a +0 battleaxe!
You barely miss the orc warrior.
The orc warrior is almost dead.
The orc warrior closely misses you. You furiously retaliate!
You headbutt the orc warrior. You hit the orc warrior.
You burn the orc warrior.
The orc warrior is almost dead.
The troll is distracted by your dazzling golden aura.
The orc warrior hits you but does no damage.
The orc warrior closely misses you.
Unknown command.
You closely miss the orc warrior.
The orc warrior is almost dead.
The orc warrior hits you with a +0 battleaxe!
* * * LOW HITPOINT WARNING * * *
You barely miss the orc warrior.
The orc warrior is almost dead.
The orc warrior hits you with a +0 battleaxe!
You die...
Your body crumbles into a pile of gold. $$$$$$ $$$$$ $ $ $ $$$$$ $ ▓▓▓▓▓▓▓▓▓▓▓▓▓▓▓▓▓▓▓▓▓▓▓▓ _______'..)..[[.@oTyT$.( ▓▓▓▓▓▓▓▓▓▓▓▓▓▓▓▓▓▓▓▓▓▓▓▓

You could see 2 trolls, an orc warrior (corroded) and a killer bee (corroded).

Vanquished Creatures
  An orc warrior (D)
  A wight (D)
  A hound (D)
  An orc priest (D)
  An adder (D)
  A gnoll (D)
  A giant cockroach (D)
  A goblin (D)
  A hobgoblin (D)
  A ball python (D)
  A kobold (D)
  A quokka skeleton (D)
12 creatures vanquished.

Notes
Turn   | Place    | Note
-------+----------+-------------------------------------------
     0 | D        | mhtbhm the Minotaur Hunter began the quest for the Orb.
     0 | D        | Reached XP level 1. HP: 18/18 MP: 0/0
   106 | D        | Noticed a hound
   106 | D        | Noticed an orc priest
   108 | D        | Killed a hound
   109 | D        | Reached skill level 6 in Throwing
   109 | D        | Reached skill level 1 in Armour
   109 | D        | Reached XP level 2. HP: 27/27 MP: 1/1
   109 | D        | Reached XP level 3. HP: 33/33 MP: 2/2
   111 | D        | Reached skill level 7 in Throwing
   120 | D        | Reached skill level 1 in Short Blades
   120 | D        | Reached skill level 8 in Throwing
   120 | D        | Reached XP level 4. HP: 40/40 MP: 3/3
   160 | D        | Found a snail-covered altar of Cheibriados.
   160 | D        | Found a shadowy altar of Dithmenos.
   160 | D        | Found a white marble altar of Elyvilon.
   160 | D        | Found a blossoming altar of Fedhas.
   160 | D        | Found an opulent altar of Gozag.
   161 | D        | Found a hazy altar of Hepliaklqana.
   162 | D        | Found a viscous altar of Jiyva.
   163 | D        | Found an ancient bone altar of Kikubaaqudgha.
   164 | D        | Found a corrupted altar of Lugonu.
   165 | D        | Found a burning altar of Makhleb.
   166 | D        | Found a sparkling altar of Nemelex Xobeh.
   167 | D        | Found an iron altar of Okawaru.
   168 | D        | Found a stormy altar of Qazlal.
   169 | D        | Found a sacrificial altar of Ru.
   172 | D        | Became a worshipper of Gozag Ym Sagoz the Greedy
   175 | D        | Found a shimmering blue altar of Sif Muna.
   176 | D        | Found a bloodstained altar of Trog.
   177 | D        | Found a hide-covered altar of Uskayaw.
   178 | D        | Found a radiant altar of Vehumet.
   179 | D        | Found an ornate altar of the Wu Jian Council.
   180 | D        | Found a shimmering altar of Xom.
   181 | D        | Found a basalt altar of Yredelemnul.
   182 | D        | Found a glowing silver altar of Zin.
   183 | D        | Found a glowing golden altar of the Shining One.
   230 | D        | Noticed an orc warrior
   230 | D        | Noticed an orc warrior
   230 | D        | Noticed a troll
   230 | D        | Noticed a troll
   233 | D        | Reached skill level 9 in Throwing
   234 | D        | Killed an orc warrior
   235 | D        | Reached skill level 10 in Throwing
   235 | D        | Reached XP level 5. HP: 9/47 MP: 4/4
   240 | D        | Slain by an orc warrior

Illustrated notes

Levels and vault maps discovered:
D:        linesprint [early_d, line_temple, items_1, d_10, items_2, lair_1,
          lair_end, items_3, orc_1, orc_end, items_4, d_15, swamp_1, shoals_1,
          snake_1, spider_1, d_20, vaults_1, items_5, swamp_end, shoals_end,
          snake_end, spider_end, vaults_end, d_27, items_6, zot_1, zot_end,
          crypt_end, forest_end, elf_end, slime_end, tomb_end, abyss_end,
          pan_hell_end]

Skill      XL: |  1  2  3  4 |
---------------+-------------+-----
Fighting       | 3 4 |  4.7
Throwing       | 6 8 10 | 10.7
Armour         | 1 2 3 |  3.9
Short Blades   | 1 |  1.7
Dodging        | 3 |  3.9
Stealth        | |  0.8
Evocations     | |  0.1

Action                   |  1- 3 |  4- 6 || total
-------------------------+-------+-------++-------
Melee: Short sword       |     9 |       ||     9
       Headbutt          |     3 |       ||     3
       Dagger            |     9 |       ||     9
       Scimitar          |       |     5 ||     5
Throw: Javelin           |       |     2 ||     2
Evoke: Wand              |       |     1 ||     1
  Use: Potion            |     1 |     2 ||     3
Armor: Leather armour    |     4 |       ||     4
       Plate armour      |       |     1 ||     1
Dodge: Dodged            |     5 |     3 ||     8

Table legend: (Time is in decaauts)
 A = Elapsed time spent in this place.
 B = Non-inter-level travel time spent in this place.
 C = Inter-level travel time spent in this place.
 D = Time resting spent in this place.
 E = Time spent auto-exploring this place.
 F = Levels seen in this place.
 G = Mean time per level.
                   A        B        C        D        E       F      G
               +--------+--------+--------+--------+--------+-----+--------+
         Total |    248 |    248 |      0 |    122 |      0 |   1 |  248.0 |
       Dungeon |    248 |    248 |      0 |    122 |      0 |   1 |  248.0 |
               +--------+--------+--------+--------+--------+-----+--------+

Top non-repeatable levels by time:
       D: 248 daAuts
